 Dungeon Crawl Stone Soup version bcrawl-1.41 (webtiles) character file.

Game seed: 1036524092938112491

153512 Mrkan the Shield-Bearer (level 4, -1/29 HPs)
             Began as a Gargoyle Fighter on Apr 7, 2024.
             Slain by Sigmund
             ... wielding a +0 scythe
              (4 damage)
             ... on level 2 of the Dungeon.
             The game lasted 00:04:34 (1229 turns).

Mrkan the Shield-Bearer (Gargoyle Fighter)          Turns: 1229, Time: 00:04:35

Health: -1/29      AC: 10    Str: 19    XL:     4   Next: 26%
Magic:  4/4        EV:  5    Int:  9    God:
Gold:   79         SH:  9    Dex: 10    Spells: 3/3 levels left

rFire    . . .     GDR:     35% a - +0 flail
rCold    . . .     SeeInvis .   c - +0 medium shield
rNeg     + . .     Gourm    .   b - +0 scale mail
rPois    ∞         Faith    .   (no helmet)
rElec    +         Spirit   .   (no cloak)
rCorr    .         Reflect  .   (no gloves)
MR       .....                  (no boots)
Stlth    ..........             (no amulet)
HPRegen  0.14/turn              (no ring)
MPRegen  0.09/turn              (no ring)

@: no status effects
A: negative energy resistance 1, electricity resistance, partial torment
resistance, unbreathing, petrification resistance, rot immunity, AC +3
a: no special abilities


You were on level 2 of the Dungeon.
You were not hungry.

You visited 1 branch of the dungeon, and saw 2 of its levels.

You collected 79 gold pieces.

Inventory:

Hand Weapons
 a - a +0 flail (weapon)
Armour
 b - a +0 scale mail (worn)
 c - a +0 medium shield (worn)
 l - a +0 chain mail
 o - a +0 pair of gloves
Scrolls
 f - 2 scrolls of remove curse {unknown}
 h - a scroll of fear {unknown}
 i - 2 scrolls of identify
 k - a scroll of revelation {unknown}
 m - a scroll of enchant armour {unknown}
Potions
 d - a potion of might
 g - a potion of haste {unknown}
 j - a potion of curing {unknown}
 p - a potion of mutation {unknown}
 q - a potion of agility {unknown}
Comestibles
 e - a ration {!d}
 n - 4 chunks of flesh


   Skills:
 + Level 3.7 Fighting
 * Level 3.1 Maces & Flails
 - Level 3.7 Armour
 - Level 0.5 Dodging
 - Level 3.8 Shields


You had 3 spell levels left.
You didn't know any spells.
Your spell library was empty.

Dungeon Overview and Level Annotations

Branches:
Dungeon (2/12)

Altars:

Annotations:
D:2 Sigmund


Innate Abilities, Weirdness & Mutations

You are resistant to torment.
Your stone body is resilient. (AC +3)
You are immune to poison.
You resist negative energy. (rN+)
You are resistant to electric shocks. (rElec)
You are less affected by unholy pain and torment.
You can survive without breathing.
You are immune to petrification.
You are immune to rotting.


Message History

You feel less confused. Sigmund hits you with a +0 scythe.
You hit Sigmund.
Sigmund is lightly wounded.
Sigmund hits you with a +0 scythe!
* * * LOW HITPOINT WARNING * * *
You hit Sigmund.
Sigmund is moderately wounded.
You block Sigmund's attack.
You closely miss Sigmund.
Sigmund is moderately wounded.
Sigmund casts a spell at you. You resist with some effort.
You closely miss Sigmund.
Sigmund is moderately wounded.
You block Sigmund's attack.
You hit Sigmund.
Sigmund is heavily wounded.
Sigmund hits you with a +0 scythe.
You die...

### #.# #.#.#
########@# #.#
#######
#......@#
#.####......
#.####.##
##.....####.
##.## ##.######
#. ##.###.## #.
##.#.## #. ##.##
######. ###
#...... #.##.#.
##########.##.#.


You could see Sigmund.

Vanquished Creatures
  Terence (D:2)
  4 dart slugs
  3 leopard geckos
  A ball python (D:2)
  6 bats
  2 giant cockroaches (D:1)
  3 goblins (D:2)
  3 hobgoblins
  3 jackals (D:1)
  5 frilled lizards
  2 kobolds (D:1)
  8 rats
41 creatures vanquished.

Notes
Turn   | Place    | Note
-------+----------+-------------------------------------------
     0 | D:1      | Mrkan the Gargoyle Fighter began the quest for the Orb.
     0 | D:1      | Reached XP level 1. HP: 14/14 MP: 1/1
   161 | D:1      | Reached XP level 2. HP: 19/19 MP: 2/2
   273 | D:1      | Reached XP level 3. HP: 24/24 MP: 3/3
  1047 | D:2      | Noticed Terence
  1059 | D:2      | Killed Terence
  1060 | D:2      | Reached XP level 4. HP: 19/29 MP: 4/4
  1217 | D:2      | Noticed Sigmund
  1229 | D:2      | Slain by Sigmund

Skill      XL: |  1  2  3 |
---------------+----------+-----
Maces & Flails | 3 |  3.1
Fighting       | |  3.7
Armour         | |  3.7
Dodging        | |  0.5
Shields        | |  3.8

Action                   |  1- 3 |  4- 6 || total
-------------------------+-------+-------++-------
Melee: Flail             |   156 |    14 ||   170
  Eat: Chunk             |     6 |     1 ||     7
Armor: Scale mail        |   119 |     3 ||   122
Dodge: Dodged            |    25 |       ||    25
Block: Medium shield     |    82 |     4 ||    86
